 Dungeon Crawl Stone Soup version 0.18.1-5-g4a78601 (console) character file.

126 MenacingMecha the Cudgeler (level 4, -2/35 HPs)
             Began as a Mummy Fighter on May 12, 2016.
             Slain by an orc
             ... wielding a +0 whip
              (4 damage)
             ... on level 4 of the Dungeon.
             The game lasted 00:09:50 (2763 turns).

MenacingMecha the Cudgeler (Mummy Fighter)          Turns: 2763, Time: 00:09:51

Health: -2/35      AC:  7    Str: 19    XL:     4   Next: 83%
Magic:  4/4        EV: 10    Int:  7    God:
Gold:   96         SH:  0    Dex: 12    Spells: 0 memorised, 3 levels left

rFire  x . .     SeeInvis .     a - +0 flail
rCold  + . .     Gourm    .     f - +0 ring mail (curse)
rNeg   + + +     Faith    .     (no shield)
rPois  ∞         Spirit   .     o - +0 helmet
rElec  .         Dismiss  .     (no cloak)
rCorr  .         Reflect  .     i - +0 pair of gloves
SustAt .         Harm     .     (no boots)
MR     .....                    m - amulet of rage
Stlth  +.........               (no ring)
                                k - ring of flight

@: not resistant to hostile enchantments, very unstealthy
A: no food or potions, fire vulnerability, cold resistance 1, negative energy
resistance 3, torment resistance, unbreathing
a: Evoke Flight


You were on level 4 of the Dungeon.
You were not hungry.

You visited 1 branch of the dungeon, and saw 4 of its levels.

You collected 96 gold pieces.

Inventory:

Hand Weapons
 a - a +0 flail (weapon)
Armour
 c - a +0 shield
 f - a cursed +0 ring mail (worn)
 i - a +0 pair of gloves (worn)
 o - a +0 helmet (worn)
Jewellery
 k - a ring of flight (left hand)
 m - an amulet of rage (around neck)
Wands
 p - a wand of disintegration (10/24)
Scrolls
 b - 2 scrolls of enchant weapon {unknown}
 d - 5 scrolls of identify {unknown}
 e - 6 scrolls of remove curse {unknown}
 g - 3 scrolls of amnesia {unknown}
 h - a scroll of immolation {unknown}
 j - a scroll of magic mapping {unknown}
 l - a scroll of recharging {unknown}
 n - a scroll of fear {unknown}


   Skills:
 - Level 3.0 Fighting
 + Level 4.2 Maces & Flails
 - Level 2.4 Armour
 - Level 2.4 Shields


You had 3 spell levels left.
You didn't know any spells.

Dungeon Overview and Level Annotations

Branches:
Dungeon (4/15)
 Temple: D:4-7

Altars:

Annotations:
D:3 gitgud34's ghost, amateur TrFi


Innate Abilities, Weirdness & Mutations

You do not eat or drink.
Your flesh is vulnerable to fire.
You are immune to poison.
Your flesh is cold resistant.
You are immune to negative energy.
You are immune to unholy pain and torment.
You can survive without breathing.


Message History

The orc hits you but does no damage. x2
You sock the orc priest!
You kill the orc priest!
Your Maces & Flails skill increases to level 4!
The orc closely misses you. x2
You hit the orc.
The orc is almost dead.
The orc closely misses you.
You hit the orc.
You kill the orc!
You hit the orc.
The orc is lightly wounded.
The orc barely misses you.
You barely miss the orc.
The orc is lightly wounded.
The orc closely misses you.
You hit the orc but do no damage.
The orc is lightly wounded.
The orc hits you but does no damage. The orc hits you with a whip.
You die...

#. ##.# # #.##..###.#
##........>##
+............
###...## #...)..#
#.###..# #o# #..# .#
#+# #@##...# .# #.#
#.#....# .# #.#
#.#....# .#
##.######......# .#
##......####.#### .#
###...###.# #%#
.#####.....# #.####.#
<...!..###.###......#
######## #.....######


You could see an orc.

Vanquished Creatures
  An orc priest (D:4)
  3 adders
  An ooze (D:1)
  2 worms (D:2)
  2 dart slugs (D:2)
  3 giant geckos
  An orc (D:4)
  7 giant cockroaches
  3 hobgoblins
  2 jackals (D:2)
  9 kobolds
  2 quokkas (D:2)
  9 bats
  3 giant newts
  2 goblins
  6 rats
56 creatures vanquished.

Notes
Turn   | Place    | Note
--------------------------------------------------------------
     0 | D:1      | MenacingMecha the Mummy Fighter began the quest for the Orb.
     0 | D:1      | Reached XP level 1. HP: 18/18 MP: 1/1
    66 | D:1      | Reached skill level 2 in Maces & Flails
   179 | D:1      | Reached XP level 2. HP: 17/24 MP: 2/2
  1206 | D:2      | Reached XP level 3. HP: 29/29 MP: 3/3
  1290 | D:2      | Reached skill level 3 in Maces & Flails
  2086 | D:3      | Reached XP level 4. HP: 32/35 MP: 4/4
  2254 | D:3      | Noticed gitgud34's ghost (amateur TrFi)
  2752 | D:4      | HP: 1/35 [orc/club (2)]
  2753 | D:4      | Reached skill level 4 in Maces & Flails
  2763 | D:4      | Slain by an orc

Skill      XL: |  1  2  3  4 |
---------------+-------------+-----
Maces & Flails | 2 3 4 |  4.2
Fighting       | |  3.0
Armour         | |  2.4
Shields        | |  2.4

Action                   |  1- 3 |  4- 6 || total
-------------------------+-------+-------++-------
Melee: Flail             |   175 |    53 ||   228
Armor: Ring mail         |    95 |    31 ||   126
       Scale mail        |     3 |       ||     3
Dodge: Dodged            |   121 |    41 ||   162
